 Dungeon Crawl Stone Soup version 0.24.0-13-gcf9b3192b9 (webtiles) character file.

Game seed: 16444205009052690230, levelgen mode: classic

80 EnegeticOcto the Vandal (level 4, -1/45 HPs)
             Began as an Octopode Hunter on Nov 5, 2019.
             Slain by a gnoll
             ... wielding a +1 spear of venom
              (2 damage)
             ... on level 3 of the Dungeon.
             The game lasted 00:02:38 (2224 turns).

EnegeticOcto the Vandal (Octopode Hunter)           Turns: 2224, Time: 00:02:39

Health: -1/45      AC: 26    Str: 11    XL:     4   Next: 39%
Magic:  4/4        EV:  2    Int: 14    God:
Gold:   108        SH:  3    Dex: 12    Spells: 3/3 levels left

rFire    + . .     SeeInvis .   a - +1 hunting sling
rCold    + . .     Gourm    .   h - +0 buckler
rNeg     + + +     Faith    .   (helmet currently unavailable)
rPois    +         Spirit   .   (no amulet)
rElec    +         Reflect  .   l - +4 ring of protection
rCorr    +         Harm     .   m - ring of attention (curse)
MR       .....     NoTele   +   (no ring)
Stlth    +.........             (no ring)
HPRegen  0.15/turn              (no ring)
MPRegen  0.09/turn              (no ring)
                                (no ring)
                                (no ring)

@: lethally poisoned (-1 -> -8), tree-form, resistant
A: almost no armour, stealthy swim, (amphibious), 8 rings, (constrict 8)
a: no special abilities


You were on level 3 of the Dungeon.
You were not hungry.
You were a tree.
You visited 1 branch of the dungeon, and saw 3 of its levels.

You collected 108 gold pieces.

Inventory:

Hand Weapons
 a - a +1 hunting sling (weapon)
 b - a +0 short sword
Missiles
 c - 15 sling bullets (quivered)
 q - 34 stones
 v - 2 curare-tipped darts
Armour
 h - a +0 buckler (worn)
Jewellery
 l - a +4 ring of protection (left branch)
 m - a cursed ring of attention (right branch)
Scrolls
 f - a scroll of blinking {unknown}
 g - a scroll of immolation {unknown}
 i - a scroll of enchant weapon {unknown}
 k - a scroll of teleportation {@r3 !r}
 n - 3 scrolls of remove curse {@r2}
 o - a scroll of amnesia {unknown}
 r - a scroll of enchant armour {unknown}
 s - a scroll of fog {unknown}
Potions
 d - a potion of brilliance
 j - a potion of mutation
Comestibles
 e - 9 rations


   Skills:
 + Level 2.9 Fighting
 - Level 4.0 Slings
 + Level 2.9 Dodging
 + Level 3.3 Stealth
 + Level 1.1 Shields


You had 3 spell levels left.
You didn't know any spells.
Your spell library was empty.

Dungeon Overview and Level Annotations

Branches:
Dungeon (3/15)

Altars:
Fedhas
Uskayaw

Annotations:
D:2 exclusion: oklob plant


Innate Abilities, Weirdness & Mutations

You cannot wear most types of armour.
You are very stealthy in the water. (Stealth+)
((You are amphibious.))
You can wear up to eight rings at the same time.
((You can use your tentacles to constrict eight enemies at once.))
((Your skin changes colour to match your surroundings (Stealth+).))
((Your rubbery body absorbs attacks. (AC +1, EV +1)))


Message History

You barely miss the leopard gecko. Your grab misses the leopard gecko.
* * * LOW HITPOINT WARNING * * *
You feel sick. The leopard gecko bites you.
* * * LOW HITPOINT WARNING * * *
It was a potion of resistance.
You feel protected. The leopard gecko closely misses you.
Okay, then.
Really read
k - a scroll of teleportation {@r3 !r}?
Okay, then.
Really quaff the potion of lignification?
You turn into a tree.
Your roots penetrate the ground.
You feel sick.
The leopard gecko bites you but does no damage. x2
You hit the leopard gecko.
You kill the leopard gecko!
You hit the worm but do no damage.
You feel sick.
You hit the worm.
The worm is lightly wounded.
The worm bites you but does no damage.
You hit the worm.
The worm is heavily wounded.
The worm barely misses you.
You hit the worm but do no damage.
The worm is heavily wounded.
You feel sick.
Your shield prevents you from hitting the worm.
The worm is heavily wounded.
The worm bites you but does no damage.
You hit the worm.
The worm is heavily wounded.
You hit the worm.
The worm is severely wounded.
You feel sick. The worm bites you but does no damage.
You barely miss the worm.
The worm is severely wounded.
The worm bites you but does no damage.
You hit the worm.
The worm is almost dead.
You hit the worm.
You kill the worm!
You feel sick.
The leopard gecko bites you but does no damage.
a - a +1 hunting sling (weapon)
Firing (i - inventory. (/) - cycle)
c - 20 sling bullets (quivered)
Press: ? - help, Shift-Dir - straight line, f - gnoll
Aim: a gnoll, wielding a +1 spear of venom (heavily wounded)
You shoot a sling bullet.
The sling bullet closely misses the leopard gecko.
The sling bullet barely misses the gnoll. x2
You block the leopard gecko's attack.
The leopard gecko bites you but does no damage.
Firing (i - inventory. (/) - cycle)
c - 19 sling bullets (quivered)
Press: ? - help, Shift-Dir - straight line, f/p - gnoll
Aim: a gnoll, wielding a +1 spear of venom (heavily wounded)
You shoot a sling bullet.
The sling bullet misses the leopard gecko.
The sling bullet hits the gnoll.
The gnoll is lightly wounded.
The leopard gecko bites you but does no damage.
Firing (i - inventory. (/) - cycle)
c - 18 sling bullets (quivered)
Press: ? - help, Shift-Dir - straight line, f/p - gnoll
Aim: a gnoll, wielding a +1 spear of venom (heavily wounded)
You shoot a sling bullet.
The sling bullet closely misses the leopard gecko.
The sling bullet hits the gnoll.
The gnoll is severely wounded.
The leopard gecko barely misses you.
Firing (i - inventory. (/) - cycle)
c - 17 sling bullets (quivered)
Press: ? - help, Shift-Dir - straight line, f/p - gnoll
Aim: a gnoll, wielding a +1 spear of venom (heavily wounded)
You shoot a sling bullet.
The sling bullet closely misses the leopard gecko.
The sling bullet closely misses the gnoll.
The sling bullet hits the gnoll but does no damage.
The gnoll is heavily wounded.
You feel sick.
The leopard gecko bites you but does no damage.
Firing (i - inventory. (/) - cycle)
c - 16 sling bullets (quivered)
Press: ? - help, Shift-Dir - straight line, f/p - gnoll
Aim: a gnoll, wielding a +1 spear of venom (heavily wounded)
You shoot a sling bullet.
The sling bullet hits the leopard gecko!
You kill the leopard gecko!
The gnoll throws a throwing net.
The throwing net hits you.
You become entangled in the net!
You cannot shoot with your hunting sling while held in a net.
Unknown command.
You struggle against the net.
You struggle against the net.
The gnoll hits you but does no damage.
The gnoll hits you from afar with a +1 spear of venom.
* * * LOW HITPOINT WARNING * * *
You are lethally poisoned!
You struggle against the net.
* * * LOW HITPOINT WARNING * * *
You feel sick.
The gnoll hits you but does no damage. x2
You rip the net and break free!
* * * LOW HITPOINT WARNING * * *
You feel sick. The gnoll hits you but does no damage.
The gnoll hits you from afar with a +1 spear of venom.
You die...

≈≈ ≈≈≈≈≈≈..≈≈#### ≈≈P≈ P.
....≈....≈≈..# ≈.. .. ........
... .P.. #.# #.....# #.# . ..
#.# #....# ####.#######)# . #.
#.# #.>.# ##.##g.g....... #
#.### #.####.####b#.wg........#
#
#...###.......♣gg#.##b.#l......
#
##.#.##..#######.#.##.........#
###.###.#..# #.#.##..#.###..#
##.## ##...# #.#.##...#.# .#
###.###..#.# #.......###.. .
.....#.#.#.# #.#.####. ..#
..>##.##.#.# #.#.# # ##
##.##.##.#.# #.#.# #.## ##....
..#


You could see 2 gnolls and a bat.

Vanquished Creatures
  2 worms
  A dart slug (D:2)
  3 leopard geckos
  2 orcs (D:2)
  9 bats
  3 giant cockroaches
  2 goblins
  6 hobgoblins
  13 jackals
  A quokka (D:2)
  7 frilled lizards
  4 kobolds
  7 rats
60 creatures vanquished.

Notes
Turn   | Place    | Note
-------+----------+-------------------------------------------
     0 | D:1      | EnegeticOcto the Octopode Hunter began the quest for the
                  | Orb.
     0 | D:1      | Reached XP level 1. HP: 14/14 MP: 1/1
   285 | D:1      | Reached XP level 2. HP: 19/19 MP: 2/2
   947 | D:2      | Reached XP level 3. HP: 25/25 MP: 3/3
  1157 | D:2      | Found a hide-covered altar of Uskayaw.
  1428 | D:2      | Reached XP level 4. HP: 24/30 MP: 4/4
  1584 | D:2      | Reached skill level 1 in Shields
  1797 | D:2      | Found a blossoming altar of Fedhas.
  1933 | D:2      | Noticed an oklob plant
  2222 | D:3      | HP: 2/45 [gnoll/+1 spear of venom (3)]
  2224 | D:3      | Slain by a gnoll

Levels and vault maps discovered:
D:1:      lightli_arrival_lavapool, layout_loops_ring
D:2:      layout_basic, eat_drink_and_be_merry_uskayaw, tgw_fedhas,
          serial_park_tiny_pond, minivault_24
D:3:      layout_loops_ring, chequers_big_river, kennysheep_orc_chapel

Skill      XL: |  1  2  3  4 |
---------------+-------------+-----
Stealth        | 2 3 |  3.3
Shields        | 1 |  1.1
Fighting       | |  2.9
Slings         | |  4.0
Dodging        | |  2.9

Action                   |  1- 3 |  4- 6 || total
-------------------------+-------+-------++-------
Melee: Short sword       |   117 |    37 ||   154
       Constrict         |    31 |     7 ||    38
       Tentacles         |    13 |     4 ||    17
 Fire: Hunting sling     |       |     5 ||     5
  Use: Scroll            |     4 |     3 ||     7
       Potion            |       |     3 ||     3
 Stab: Sleeping          |     7 |     2 ||     9
  Eat: Chunk             |     2 |       ||     2
       Ration            |       |     1 ||     1
Armor: Skin              |    29 |    23 ||    52
Dodge: Dodged            |   106 |    15 ||   121
Block: Buckler           |    14 |     7 ||    21
